 Dungeon Crawl Stone Soup version 0.29-a0-297-g7659ce593d (webtiles) character file.

Game seed: 8758611041925509922

46 Dabor the Vexing (level 3, -5/24 HPs)
             Began as a Barachi Arcane Marksman on Mar 21, 2022.
             Was a Follower of Hepliaklqana.
             Killed by divine providence
             ... invoked by an orc priest
              (14 damage)
             ... on level 3 of the Dungeon.
             The game lasted 00:03:42 (1899 turns).

Dabor the Vexing (Barachi Arcane Marksman)          Turns: 1899, Time: 00:03:43

Health: -5/24      AC:  3    Str: 11    XL:     3   Next: 68%
Magic:  0/5        EV: 12    Int: 13    God:    Hepliaklqana [*.....]
Gold:   87         SH:  0    Dex: 14    Spells: 4/5 levels left

rFire   . . .      SeeInvis .   a - +0 shortbow
rCold   . . .      Faith    .   (shield currently unavailable)
rNeg    . . .      Spirit   +   b - +0 robe
rPois   .          Reflect  .   n - +0 helmet
rElec   .          Harm     +   c - scarf {harm}
rCorr   .          Rampage  .   (no gloves)
Will    .....                   (no boots)
Stlth   +.........              i - amulet of guardian spirit
HPRegen 0.08/turn               (no ring)
MPRegen 0.09/turn               (no ring)

@: slow
A: reduced essence, amphibious, slowness 1, strong legs 1, +LOS
a: Hop, Renounce Religion, Recall Ancestor, Ancestor Identity


You were on level 3 of the Dungeon.
You worshipped Hepliaklqana.
Hepliaklqana was aware of your devotion.
You visited 1 branch of the dungeon, and saw 3 of its levels.

You collected 87 gold pieces.

Inventory:

Hand Weapons
 a - a +0 shortbow (weapon)
Armour
 b - a +0 robe (worn)
 c - a scarf of harm (worn)
 n - a +0 helmet (worn)
Jewellery
 i - an amulet of guardian spirit (around neck)
Scrolls
 e - a scroll of immolation {unknown}
 h - a scroll of teleportation
 j - a scroll of fog {unknown}
 m - a scroll of brand weapon {unknown}
Potions
 f - a potion of magic {unknown}
 g - a potion of lignification {unknown}
 k - a potion of berserk rage {unknown}
 l - a potion of invisibility {unknown}


   Skills:
 * Level 2.0 Fighting
 * Level 2.4 Bows
 * Level 2.7 Dodging
 + Level 0.0 Stealth
 + Level 1.8 Spellcasting
 + Level 3.6 Hexes
 + Level 0.0 Invocations


You had 4 spell levels left.
You knew the following spells:

 Your Spells              Type           Power      Damage    Failure   Level
a - Slow                  Hex            40%        N/A       6%          1

Your spell library contained the following spells:

 Spells                   Type           Power      Damage    Failure   Level
 Inner Flame              Hex/Fire       5%         N/A       36%         3
 Portal Projectile        Hex/Tloc       10%        N/A       36%         3
 Cause Fear               Hex            5%         N/A       50%         4
 Petrify                  Tmut/Erth      1%         N/A       95%         4
 Metabolic Englaciation   Hex/Ice        2%         N/A       98%         5
 Statue Form              Tmut/Erth      0%         N/A       100%        6


Dungeon Overview and Level Annotations

Branches:
Dungeon (3/15)

Altars:
Hepliaklqana


Innate Abilities, Weirdness & Mutations

Your life essence is reduced to manifest your ancestor. (-10% HP)
You are amphibious.
You cover ground slowly.
You can hop short distances.
You have an extended range of vision and can be seen from far away.


Message History

Press: ? - help, Shift-Dir - straight line, f/p - orc
Aim: an orc, wielding a +0 hand axe (60% to hit)
You shoot an arrow. Lucia avoids your attack.
The arrow hits the orc!
You kill the orc!
The orc throws a boomerang.
A quokka comes into view.
Shoot: a) +0 shortbow
Press: ? - help, Shift-Dir - straight line, f - orc priest
Aim: an orc priest, wielding a +0 hand axe and wearing a +0 ring mail (ally target, 64% to hit)
You shoot an arrow. The arrow hits the orc priest.
The orc priest is heavily wounded.
Something hits Lucia.
Lucia hits the orc priest but does no damage.
The orc priest hits Lucia with a +0 hand axe.
Lucia hits the orc priest but does no damage.
Shoot: a) +0 shortbow
Press: ? - help, Shift-Dir - straight line, f/p - orc priest
Aim: an orc priest, wielding a +0 hand axe and wearing a +0 ring mail (heavily wounded, ally target, 64% to hit)
You shoot an arrow. The arrow barely misses the orc.
The arrow hits the orc priest.
The orc priest is heavily wounded.
Something hits Lucia.
Lucia is destroyed!
Shoot: a) +0 shortbow
Press: ? - help, Shift-Dir - straight line, f/p - orc priest
Aim: an orc priest, wielding a +0 hand axe and wearing a +0 ring mail (heavily wounded, 64% to hit)
You shoot an arrow.
The arrow hits the orc but does no damage.
The orc hits you but does no damage.
Shoot: a) +0 shortbow
Press: ? - help, Shift-Dir - straight line, f/p - orc priest
Aim: an orc priest, wielding a +0 hand axe and wearing a +0 ring mail (heavily wounded, 64% to hit)
You shoot an arrow. The arrow barely misses the orc.
The arrow barely misses the orc priest.
The arrow hits the quokka.
The quokka is severely wounded.
The orc closely misses you.
The orc priest calls down the wrath of Beogh upon you.
Beogh smites you!
Ouch! That really hurt!
You die...

. .. o.. ....
....{ ...o #####
#####)r##...#
.......o..#.#
.......##o@.##
###### #....#
##########.#
.....<...#.#
############(#.#
#..............#
#.##########.###
#.##......<#...
#.##.###########


You could see an orc priest, 2 orcs and a quokka.

Vanquished Creatures
  2 dart slugs (D:1)
  An orc (D:3)
  4 ball pythons
  2 endoplasms (D:1)
  2 giant cockroaches
  4 hobgoblins
  6 kobolds
  2 quokkas (D:1)
  3 bats
  4 goblins
  7 rats (D:1)
37 creatures vanquished.

Vanquished Creatures (collateral kills)
  A kobold (D:1)
  A rat (D:1)
2 creatures vanquished.

Vanquished Creatures (others)
  An ancestor (D:3)
  8 plants (D:1)
9 creatures vanquished.

Grand Total: 48 creatures vanquished

Notes
Turn   | Place    | Note
-------+----------+-------------------------------------------
     0 | D:1      | Dabor the Barachi Arcane Marksman began the quest for the
                  | Orb.
     0 | D:1      | Reached XP level 1. HP: 15/15 MP: 2/2
    46 | D:1      | Reached XP level 2. HP: 15/21 MP: 3/3
   802 | D:1      | Found a faded altar of an unknown god.
   853 | D:1      | Prayed at the altar of an unknown god.
   853 | D:1      | Became a worshipper of Hepliaklqana the Forgotten
   853 | D:1      | Reached * piety under Hepliaklqana
   938 | D:1      | Reached XP level 3. HP: 24/24 MP: 5/5
  1899 | D:3      | Killed from afar by an orc priest

Illustrated notes

Levels and vault maps discovered:
D:1:      saegor_arrival_miasma, layout_rooms,
          hellmonk_ecumenical_altar_crossroads, serial_bayou_lagoon_a
D:2:      layout_loops_cross
D:3:      cheibrodos_pilgrimage, layout_basic, nicolae_ashenzari_skybound,
          mainiacjoe_overflow_cross_hatched, st_stairs_10, minmay_vboxes

Skill      XL: |  1  2  3 |
---------------+----------+-----
Fighting       | 2 |  2.0
Bows           | |  2.4
Dodging        | |  2.7
Spellcasting   | |  1.8
Hexes          | |  3.6

Action                   || total
-------------------------++-------
 Fire: Shortbow          ||   104
 Cast: Slow              ||     3
 Abil: Hop               ||     1
  Use: Potion            ||     1
       Scroll            ||     2
Armor: Robe              ||     7
Dodge: Dodged            ||    27

Table legend: (Time is in decaauts)
 A = Elapsed time spent in this place.
 B = Non-inter-level travel time spent in this place.
 C = Inter-level travel time spent in this place.
 D = Time resting spent in this place.
 E = Time spent auto-exploring this place.
 F = Levels seen in this place.
 G = Mean time per level.
                   A        B        C        D        E       F      G
               +--------+--------+--------+--------+--------+-----+--------+
         Total |   2163 |   2023 |    140 |    200 |   1460 |   3 |  721.0 |
       Dungeon |   2163 |   2023 |    140 |    200 |   1460 |   3 |  721.0 |
               +--------+--------+--------+--------+--------+-----+--------+

Top non-repeatable levels by time:
     D:1: 1269 daAuts
     D:2: 832 daAuts
     D:3: 61 daAuts
